 Dungeon Sprint DCSS version 0.23.0 (webtiles) character file.

Game seed: 2578614245708884895

27986 Groucho the Peltast (level 13, -6/119 HPs)
             Began as a Formicid Fighter on Feb 16, 2019.
             Was a Believer of Uskayaw.
             Mangled by a naga warrior
             ... wielding a +0 trident
              (12 damage)
             ... in the Dungeon (Sprint IX: "|||||||||||||||||||||||||||||").
             The game lasted 00:11:48 (4639 turns).

Groucho the Peltast (Formicid Fighter)              Turns: 4639, Time: 00:11:49

Health: -6/119     AC: 23    Str: 22    XL:     13   Next: 70%
Magic:  25/25      EV:  6    Int: 14    God:    Uskayaw [**....]
Gold:   44         SH: 15    Dex: 14    Spells: 12/12 levels left

rFire    . . .     SeeInvis +   g - +2 halberd (vamp)
rCold    . . .     Gourm    .   c - +0 shield
rNeg     . . .     Faith    .   y - +0 storm dragon scales
rPois    .         Spirit   .   (helmet unavailable)
rElec    +         Reflect  .   B - +0 cloak
rCorr    .         Harm     .   a - +0 pair of gloves
MR       +....                  z - +1 pair of boots
Stlth    ..........             (no amulet)
HPRegen  0.29/turn              r - +3 ring of intelligence
MPRegen  0.19/turn              s - +3 ring of intelligence

@: lethally poisoned (-6 -> -10), constricted
A: permanent stasis, dig shafts and tunnels, four strong arms, antennae 3
a: Dig, Stomp, Line Pass, Renounce Religion


You were in the Dungeon.
You worshipped Uskayaw.
Uskayaw was most pleased with you.
You were not hungry.

You visited 1 branch You collected 1966 gold pieces.
You spent 1922 gold pieces at shops.

Inventory:

Hand Weapons
 g - a +2 vampiric halberd (weapon)
 l - the +8 demon trident "Rift" {distort, reach+}
   (You bought it in a shop in the Dungeon)

   It warps and distorts space around it.
   Unwielding it can cause banishment or high damage.
Armour
 a - a +0 pair of gloves (worn)
 c - a +0 shield (worn)
 y - +0 storm dragon scales (worn)
 z - a +1 pair of boots (worn)
 B - a +0 cloak (worn)
Jewellery
 r - a +3 ring of intelligence (left hand)
 s - a +3 ring of intelligence (right hand)
 v - an uncursed ring of protection from cold
 x - an uncursed ring of fire
Wands
 p - a wand of acid (10)
 q - a wand of paralysis (4)
Scrolls
 k - 3 scrolls of blinking
 n - 3 scrolls of remove curse
 o - 2 scrolls of amnesia
 t - 6 scrolls of enchant weapon
 u - 4 scrolls of fear
 A - 2 scrolls of identify
Potions
 d - 3 potions of brilliance
 e - a potion of might
 h - 3 potions of haste
 i - 5 potions of magic
 j - a potion of berserk rage
 w - 2 potions of heal wounds
Comestibles
 b - 7 chunks of flesh
 f - 12 rations


   Skills:
 + Level 16.8 Fighting
 + Level 15.5 Polearms
 + Level 16.9 Armour
 + Level 18.1 Shields
 + Level 17.2 Invocations


You had 12 spell levels left.
You didn't know any spells.
Your spell library was empty.

Dungeon Overview and Level Annotations

Branches:
Dungeon (1/1)

Altars:
Cheibriados
Dithmenos
Elyvilon
Fedhas
Gozag
Hepliaklqana
Kikubaaqudgha
Makhleb
Nemelex Xobeh
Okawaru
Qazlal
Ru
Sif Muna
Trog
Uskayaw
Vehumet
Wu Jian
Xom
Yredelemnul
Zin
The Shining One
Beogh
Jiyva
Lugonu

Shops:
D }(%*


Innate Abilities, Weirdness & Mutations

You cannot be hasted, slowed, berserked, paralysed or teleported.
You can dig through walls and to a lower floor.
Your four strong arms can wield two-handed weapons with a shield.
You have a pair of large antennae on your head. (SInv)


Message History

The naga warrior hits you from afar with a +0 trident!
A naga warrior comes into view. It is wielding a +0 flail.
You slash the nagaraja!
You feel better.
The nagaraja is severely wounded.
You feel very sick. The nagaraja casts a spell at you.
The orb of energy hits you!! The nagaraja constricts you.
The naga warrior hits you but does no damage.
The nagaraja casts a spell at you. The orb of energy hits you!!
* * * LOW HITPOINT WARNING * * *
x2 The nagaraja constricts you.
You feel better. The nagaraja spits poison at you.
The splash of poison hits you!
You are poisoned.
* * * LOW HITPOINT WARNING * * *
The nagaraja constricts you.
The naga warrior hits you from afar with a +0 trident!
You die... {{{{ {{{{{{{{{{{{{{{{{{ { { { ▓▓▓▓▓▓▓▓▓▓▓▓▓▓▓▓▓▓▓▓▓▓▓▓ {{{{{

{{ NNNSNNN@.....().).......
▓▓▓▓▓▓▓▓▓▓▓▓▓▓▓▓▓▓▓▓▓▓▓▓▓▓▓▓▓▓▓▓▓
÷..........................[.....
▓▓▓▓▓▓▓▓▓▓▓▓▓▓▓▓▓▓▓▓▓▓▓▓▓▓▓▓▓▓▓▓▓
........[[[[[[..[.)))))))).=.=.'.
▓▓▓▓▓▓▓▓▓▓▓▓▓▓▓▓▓▓▓▓▓▓▓▓▓▓▓▓▓▓▓▓▓
..................†)†............
▓▓▓▓▓▓▓▓▓▓▓▓▓▓▓▓▓▓▓▓▓▓▓▓▓▓▓▓▓▓▓▓▓
)........)))))....).)))))))'.....


You could see 3 naga warriors, a nagaraja, a naga sharpshooter, a black mamba
and a naga.

Vanquished Creatures
  Kirke (D)
  A stone giant (D)
  2 rakshasas (D)
  A merfolk aquamancer (D)
  A centaur warrior (D)
  5 ogre magi (D)
  8 two-headed ogres (D)
  Sonja (D)
  2 sea snakes (D)
  A glowing orange brain (D)
  An orc knight (D)
  4 orc sorcerers (D)
  An ugly thing (D)
  2 cyclopes (D)
  Maurice (D)
  2 merfolk sirens (D)
  A rime drake (D)
  A yaktaur (D)
  3 komodo dragons (D)
  5 polar bears (D)
  2 trolls (D)
  A wind drake (D)
  4 hippogriffs (D)
  A blink frog (D)
  A snapping turtle (D)
  A dream sheep (D)
  4 yaks (D)
  A vampire (D)
  A yak (shapeshifter) (D)
  A water elemental (D)
  3 hogs (D)
  Grum (D)
  A basilisk (D)
  A vampire mosquito (D)
  4 black bears (D)
  11 orc warriors (D)
  3 ogres (D)
  5 wolves (D)
  A centaur (D)
  A crocodile (D)
  5 bullfrogs (D)
  2 orc priests (D)
  2 orc wizards (D)
  2 worker ants (D)
  2 adders (D)
  A shadow imp (D)
  An ooze (D)
  An adder zombie (D)
  An adder skeleton (D)
  8 orcs (D)
  A giant cockroach (D)
  3 kobolds (D)
121 creatures vanquished.

Vanquished Creatures (others)
  A human (D)
1 creature vanquished.

Grand Total: 122 creatures vanquished

Notes
Turn   | Place    | Note
-------+----------+-------------------------------------------
     0 | D        | Groucho the Formicid Fighter began the quest for the Orb.
     0 | D        | Reached XP level 1. HP: 18/18 MP: 1/1
     7 | D        | Reached skill level 4 in Shields
    17 | D        | Reached XP level 2. HP: 17/25 MP: 2/2
   120 | D        | Noticed a centaur
   126 | D        | Killed a centaur
   126 | D        | Reached skill level 5 in Fighting
   126 | D        | Reached skill level 5 in Armour
   126 | D        | Reached skill level 6 in Shields
   126 | D        | Reached XP level 3. HP: 20/34 MP: 3/3
   126 | D        | Reached XP level 4. HP: 23/40 MP: 4/4
   132 | D        | Reached XP level 5. HP: 21/46 MP: 5/5
   147 | D        | Reached skill level 5 in Polearms
   156 | D        | Found a roughly hewn altar of Beogh.
   156 | D        | Found a snail-covered altar of Cheibriados.
   156 | D        | Found a shadowy altar of Dithmenos.
   156 | D        | Found a white marble altar of Elyvilon.
   156 | D        | Found a blossoming altar of Fedhas.
   156 | D        | Found an opulent altar of Gozag.
   169 | D        | Found a hazy altar of Hepliaklqana.
   170 | D        | Found a viscous altar of Jiyva.
   171 | D        | Found an ancient bone altar of Kikubaaqudgha.
   172 | D        | Found a corrupted altar of Lugonu.
   173 | D        | Found a burning altar of Makhleb.
   174 | D        | Found a sparkling altar of Nemelex Xobeh.
   175 | D        | Found an iron altar of Okawaru.
   176 | D        | Found a stormy altar of Qazlal.
   177 | D        | Found a sacrificial altar of Ru.
   178 | D        | Found a deep blue altar of Sif Muna.
   179 | D        | Found a bloodstained altar of Trog.
   180 | D        | Found a hide-covered altar of Uskayaw.
   181 | D        | Found a radiant altar of Vehumet.
   182 | D        | Found an ornate altar of the Wu Jian Council.
   183 | D        | Found a shimmering altar of Xom.
   184 | D        | Found a basalt altar of Yredelemnul.
   185 | D        | Found a glowing silver altar of Zin.
   186 | D        | Found a glowing golden altar of the Shining One.
   212 | D        | Became a worshipper of Uskayaw the Reveler
   535 | D        | Noticed a hippogriff
   535 | D        | Noticed a yak
   535 | D        | Noticed an orc warrior
   535 | D        | Noticed a troll
   542 | D        | Reached * piety under Uskayaw
   543 | D        | Killed a troll
   543 | D        | Reached skill level 8 in Shields
   543 | D        | Reached XP level 6. HP: 27/56 MP: 5/9
   543 | D        | Reached ** piety under Uskayaw
   544 | D        | Reached skill level 5 in Invocations
   544 | D        | Reached *** piety under Uskayaw
   546 | D        | Reached **** piety under Uskayaw
   551 | D        | Killed an orc warrior
   551 | D        | Reached skill level 9 in Shields
   551 | D        | Reached XP level 7. HP: 25/62 MP: 6/11
   552 | D        | Reached ***** piety under Uskayaw
   555 | D        | Killed a yak
   559 | D        | Reached ****** piety under Uskayaw
   561 | D        | Killed a hippogriff
   561 | D        | Reached skill level 10 in Shields
   561 | D        | Reached XP level 8. HP: 19/71 MP: 7/13
  1071 | D        | Noticed a vampire
  1071 | D        | Noticed a hippogriff
  1071 | D        | Noticed a two-headed ogre
  1071 | D        | Noticed a two-headed ogre
  1079 | D        | Killed a two-headed ogre
  1079 | D        | Reached skill level 10 in Fighting
  1079 | D        | Reached skill level 10 in Armour
  1079 | D        | Reached XP level 9. HP: 54/78 MP: 13/15
  1088 | D        | Killed a two-headed ogre
  1088 | D        | Reached skill level 11 in Shields
  1092 | D        | Reached skill level 10 in Invocations
  1093 | D        | Killed a hippogriff
  1093 | D        | Reached skill level 10 in Polearms
  1093 | D        | Reached skill level 12 in Shields
  1553 | D        | Noticed a komodo dragon
  1553 | D        | Noticed a komodo dragon
  1553 | D        | Noticed a hippogriff
  1553 | D        | Noticed a rime drake
  1557 | D        | Killed a rime drake
  1560 | D        | Reached XP level 10. HP: 88/88 MP: 17/17
  1566 | D        | Killed a komodo dragon
  1569 | D        | Killed a komodo dragon
  1744 | D        | Reached skill level 13 in Shields
  1787 | D        | Reached XP level 11. HP: 90/96 MP: 20/20
  1812 | D        | Reached skill level 14 in Shields
  1881 | D        | Noticed Sonja
  1915 | D        | HP: 1/98 [Sonja/+2 short sword of distortion (5)]
  1917 | D        | Killed Sonja
  2391 | D        | Noticed an orc sorcerer
  2395 | D        | Noticed a soul eater
  2397 | D        | Killed an orc sorcerer
  2404 | D        | Noticed an orc knight
  2437 | D        | Killed an orc knight
  2804 | D        | Noticed an orc sorcerer
  2812 | D        | Noticed an orc sorcerer
  2817 | D        | Killed an orc sorcerer
  2819 | D        | Noticed a soul eater
  2819 | D        | Killed an orc sorcerer
  2821 | D        | Noticed an orc sorcerer
  2841 | D        | Killed an orc sorcerer
  2841 | D        | Reached skill level 15 in Shields
  3023 | D        | Found Zoiziw's General Store.
  3023 | D        | Noticed a two-headed ogre
  3023 | D        | Noticed a two-headed ogre
  3023 | D        | Noticed an ogre mage
  3023 | D        | Noticed an ogre mage
  3023 | D        | Noticed a two-headed ogre
  3027 | D        | Killed an ogre mage
  3029 | D        | Killed an ogre mage
  3029 | D        | Reached XP level 12. HP: 107/107 MP: 22/22
  3036 | D        | Killed a two-headed ogre
  3045 | D        | Killed a two-headed ogre
  3045 | D        | Noticed an ogre mage
  3052 | D        | Killed a two-headed ogre
  3060 | D        | Killed an ogre mage
  3062 | D        | Noticed a two-headed ogre
  3063 | D        | Found Dif Vur's Food Shop.
  3065 | D        | Found Vevyag's Antique Weapon Boutique.
  3075 | D        | Killed a two-headed ogre
  3075 | D        | Reached skill level 16 in Shields
  3077 | D        | Reached skill level 15 in Invocations
  3085 | D        | Found Jyasiuj's Gadget Shop.
  3298 | D        | Noticed a two-headed ogre
  3299 | D        | Noticed a two-headed ogre
  3300 | D        | Noticed an ogre mage
  3306 | D        | Killed a two-headed ogre
  3306 | D        | Reached skill level 15 in Fighting
  3306 | D        | Reached skill level 15 in Armour
  3308 | D        | Killed a two-headed ogre
  3315 | D        | Killed an ogre mage
  3344 | D        | Bought a runed halberd for 126 gold pieces
  3362 | D        | Bought the +8 demon trident "Rift" {distort, reach+} for
                  | 1521 gold pieces
  3362 | D        | Found the +8 demon trident "Rift" {distort, reach+}
  3364 | D        | Bought a ration for 55 gold pieces
  3364 | D        | Bought a ration for 55 gold pieces
  3364 | D        | Bought a ration for 55 gold pieces
  3364 | D        | Bought a ration for 55 gold pieces
  3364 | D        | Bought a ration for 55 gold pieces
  3685 | D        | Noticed Grum
  3701 | D        | Killed Grum
  3818 | D        | Noticed an ogre mage
  3818 | D        | Noticed a centaur warrior
  3837 | D        | Killed a centaur warrior
  3839 | D        | Noticed a rakshasa
  3843 | D        | Killed an ogre mage
  3843 | D        | Reached XP level 13. HP: 117/117 MP: 24/24
  3857 | D        | Killed a rakshasa
  3857 | D        | Reached skill level 17 in Shields
  3859 | D        | Noticed a rakshasa
  3868 | D        | Noticed a stone giant
  3880 | D        | Killed a rakshasa
  3903 | D        | Killed a stone giant
  4078 | D        | Noticed Kirke
  4089 | D        | Noticed a sphinx
  4113 | D        | Killed Kirke
  4113 | D        | Reached skill level 15 in Polearms
  4502 | D        | Noticed Maurice
  4525 | D        | Killed Maurice
  4583 | D        | Reached skill level 18 in Shields
  4630 | D        | Noticed a naga warrior
  4630 | D        | Noticed a naga warrior
  4630 | D        | Noticed a nagaraja
  4637 | D        | Noticed a naga warrior
  4639 | D        | Mangled by a naga warrior

Skill      XL: |  1  2  3  4  5  6  7  8  9 10 11 12 13 |
---------------+----------------------------------------+-----
Shields        | 4 6 8 9 10 12 13 15 16 18 | 18.1
Armour         | 5 7 8 9 10 11 12 14 15 16 | 16.9
Fighting       | 5 7 8 9 10 11 12 14 15 16 | 16.8
Polearms       | 4 6 7 8 9 10 11 13 14 15 | 15.5
Invocations    | 4 5 7 8 10 12 14 15 17 | 17.2

Action                   |  1- 3 |  4- 6 |  7- 9 | 10-12 | 13-15 || total
-------------------------+-------+-------+-------+-------+-------++-------
Melee: Trident           |    22 |    24 |       |       |       ||    46
       Halberd           |       |    14 |    38 |   283 |   137 ||   472
       Unarmed           |       |       |       |       |    22 ||    22
Invok: Grand Finale      |       |       |       |     1 |       ||     1
       Line Pass         |       |       |       |     2 |     1 ||     3
  Use: Potion            |     1 |     2 |       |     8 |     4 ||    15
 Stab: Invisible         |       |     1 |     1 |       |       ||     2
       Paralysed         |       |     2 |     5 |    31 |    15 ||    53
       Confused          |       |       |       |       |     1 ||     1
  Eat: Chunk             |       |       |     1 |     4 |     2 ||     7
       Ration            |       |       |       |     3 |     1 ||     4
Armor: Scale mail        |     6 |    10 |     8 |    51 |       ||    75
       Storm dragon scal |       |       |       |     3 |    29 ||    32
Dodge: Dodged            |     1 |    12 |     9 |    47 |    24 ||    93
Block: Shield            |    11 |    22 |    20 |   115 |    32 ||   200
